 Dungeon Crawl Stone Soup version 0.19-a0-1899-g2d93087 (webtiles) character file.

28 dobroeutro the Bolt Thrower (level 3, -2/22 HPs)
             Began as a Kobold Hunter on Oct 19, 2016.
             Shot with a stone by a goblin (7 damage)
             ... led by Robin
             ... on level 1 of the Dungeon.
             The game lasted 00:01:20 (1429 turns).

dobroeutro the Bolt Thrower (Kobold Hunter)         Turns: 1429, Time: 00:01:21

Health: -2/22      AC:  3    Str: 10    XL:     3   Next: 30%
Magic:  3/3        EV: 15    Int: 12    God:
Gold:   59         SH:  0    Dex: 15    Spells: 0 memorised, 2 levels left

rFire  . . .     SeeInvis .     k - -2 short sword (curse)
rCold  . . .     Gourm    .     c - +0 leather armour
rNeg   . . .     Faith    .     (shield restricted)
rPois  .         Spirit   .     (no helmet)
rElec  .         Reflect  .     (no cloak)
rCorr  .         Harm     .     (no gloves)
MR     .....                    (no boots)
Stlth  ++........               (no amulet)
                                (no ring)
                                (no ring)

@: no status effects
A: carnivore 3
a: no special abilities


You were on level 1 of the Dungeon.
You were hungry.

You visited 1 branch of the dungeon, and saw 2 of its levels.

You collected 59 gold pieces.

Inventory:

Hand Weapons
 a - a +1 hand crossbow
 b - a +0 short sword
 k - a cursed -2 short sword (weapon)
Missiles
 d - 33 bolts
Armour
 c - a +0 leather armour (worn)
Potions
 e - a potion of agility
 g - a potion of invisibility {unknown}
 h - a potion of berserk rage {unknown}
 i - a potion of haste {unknown}
Comestibles
 f - a meat ration


   Skills:
 + Level 2.6 Fighting
 + Level 1.3 Short Blades
 + Level 5.2 Crossbows
 + Level 2.9 Dodging
 - Level 1.3 Stealth


You had 2 spell levels left.
You didn't know any spells.

Dungeon Overview and Level Annotations

Branches:
Dungeon (2/15)

Altars:

Annotations:
D:1 Robin


Innate Abilities, Weirdness & Mutations

You are small and have problems with some larger weapons.
You are carnivorous and can eat meat at any time.


Message History

You are too injured to fight recklessly!
You are too injured to fight recklessly!
You are too injured to fight recklessly!
You are too injured to fight recklessly!
You are too injured to fight recklessly!
You are too injured to fight recklessly!
You are too injured to fight recklessly!
You are too injured to fight recklessly!
You are too injured to fight recklessly!
You are too injured to fight recklessly!
You are too injured to fight recklessly!
You are too injured to fight recklessly!
You are too injured to fight recklessly!
The goblin closely misses you.
The goblin no longer looks unusually strong.
The goblin wields an uncursed hunting sling.
The goblin shoots a stone.
The stone closely misses you.
There is an open door here.
The goblin shoots a stone.
The stone hits you!
You die...

#####.......##############....#..
#..'..................#...#..###
#.##........#########.#.#.#..#
#.##........'.......#.#.#.#..#
##'##....#...#####...'.#.#.#..#
....#....#.......#...###.#.#..#
....#....#.).....#.(.# #.#.#..#
....#............'...# #.#.#..#
.)..#.....###...@#...# #.#.#..#
....#.....#.'........# #.#.#..#
....#.....#.#........# #.#.#.####
....#.....#.#...>.#'## #.#.#.....
....#.....#.#....##g# #.#.#####.
....#######.#...()..# #.#.# #.
##### #.######### #.#.# #. #.#
#.#.# #. #.############.#.# #.


You could see a goblin.

Vanquished Creatures
  A leopard gecko (D:1)
  4 bats (D:1)
  4 goblins (D:1)
  3 hobgoblins (D:1)
  6 jackals (D:1)
  3 kobolds (D:1)
  2 rats (D:1)
23 creatures vanquished.

Notes
Turn   | Place    | Note
-------+----------+-------------------------------------------
     0 | D:1      | dobroeutro the Kobold Hunter began the quest for the Orb.
     0 | D:1      | Reached XP level 1. HP: 12/12 MP: 1/1
   103 | D:1      | Reached XP level 2. HP: 4/18 MP: 2/2
   447 | D:1      | Reached skill level 5 in Crossbows
   566 | D:1      | Reached skill level 1 in Short Blades
   856 | D:1      | Reached XP level 3. HP: 13/22 MP: 3/3
  1406 | D:2      | Noticed Robin
  1429 | D:1      | Shot with a stone by a goblin

Vault maps used:
D:1:      dpeg_arrival_court, minmay_misc_feat_columns
D:2:      chequers_temple_overflow_minitemple, uniq_robin

Skill      XL: |  1  2 |
---------------+-------+-----
Crossbows      | 5 |  5.2
Short Blades   | 1 |  1.3
Fighting       | |  2.6
Dodging        | |  2.9
Stealth        | |  1.3

Action                   || total
-------------------------++-------
Melee: Short sword       ||    94
  Use: Scroll            ||     1
  Eat: Chunk             ||     1
Armor: Leather armour    ||    28
Dodge: Dodged            ||   133
